 Dungeon Crawl Stone Soup version 0.31-a0-810-ga77100ea1a (webtiles) character file.

Game seed: 1524961178520224557

66 Danienth the Sneak (level 3, -3/15 HPs)
             Began as a Felid Enchanter on Sept 21, 2023.
             Slain by a gnoll
             ... wielding a +0 club
              (5 damage)
             ... on level 2 of the Dungeon.
             The game lasted 00:12:01 (1408 turns).

Danienth the Sneak (Felid Enchanter)                Turns: 1408, Time: 00:12:03

Health: -3/15      AC:  1    Str:  4 (6)  XL:     3   Next: 96%
Magic:  2/7        EV: 17    Int: 20 (22) God:
Gold:   68         SH:  0    Dex: 14 (16) Spells: 0/6 levels left
                                        Lives:  0   Deaths: 1

rFire   . .          .
                       - Unarmed
rCold   . . .        (shield unavailable)
rNeg    . . .        (body armour unavailable)
rPois   .            (helmet unavailable)
rElec   .            (cloak unavailable)
rCorr   .            (gloves unavailable)
SInv    +            (boots unavailable)
Will    +....        (no amulet)
Stlth   +++          b - +6 ring of intelligence
HPRegen 0.22/turn    c - ring of willpower
MPRegen 0.10/turn

%: no passive effects
@: quick
A: very small, claws 1, fangs 3, see invisible, speed 1, shaggy fur 1, stealthy
paws, no weapons or thrown items, no armour, multi-lived
a: no special abilities


You were on level 2 of the Dungeon.
You visited 1 branch of the dungeon, and saw 2 of its levels.

You collected 68 gold pieces.

Inventory:

Missiles
 g - 5 curare-tipped darts
Jewellery
 b - a +6 ring of intelligence (left paw)
 c - a ring of willpower (right paw)
Scrolls
 f - a scroll of enchant armour
Potions
 d - a potion of enlightenment


   Skills:
 * Level 1.1 Fighting
 * Level 3.3 Dodging
 + Level 5.3 Stealth
 * Level 2.1 Unarmed Combat
 * Level 2.0 Spellcasting
 * Level 4.4 Hexes


You couldn't memorise any spells.
You knew the following spells:

 Your Spells              Type           Power      Damage    Failure   Level
a - Confusing Touch       Hex            19%        N/A       8%          3
b - Tukima's Dance        Hex            19%        N/A       8%          3

Your spell library contained the following spells:

 Spells                   Type           Power      Damage    Failure   Level
 Ensorcelled Hibernation  Hex/Ice        20%        N/A       10%         2
 Dazzling Flash           Conj/Hex       20%        N/A       19%         3
 Lesser Beckoning         Tloc           4%         N/A       24%         2
 Passwall                 Tmut/Erth      1%         N/A       24%         2
 Gell's Gravitas          Tloc           2%         N/A       43%         3
 Swiftness                Air            2%         N/A       43%         3
 Teleport Other           Tloc           2%         N/A       43%         3


Dungeon Overview and Level Annotations

Branches:
Dungeon (2/15)

Altars:


Innate Abilities, Weirdness & Mutations

You have sharp claws.
You have razor-sharp teeth.
You have supernaturally acute eyesight. (SInv)
You cover ground quickly. (Speed+)
You are covered in fur. (AC +1)
Your paws help you pounce on unaware monsters.
You are incapable of wielding weapons or throwing items.
You cannot wear armour.
You gain extra lives every three experience levels.


Message History

Okay, then.
Casting: Confusing Touch (extremely dangerous; 8% risk of failure)
Confirm with . or Enter, or press ? or * to list all spells.
Aiming: Tukima's Dance (extremely dangerous; 8% risk of failure)
Press: ? - help, Shift-Dir - straight line, f - gnoll
Aim: a gnoll, wielding a +0 halberd (chance to affect: 61%)
You miscast Tukima's Dance.
You are very lightly contaminated with residual magic.
Nothing appears to happen.
The gnoll barely misses you.
Things that are here:
4 stones; a +0 whip
Casting: Tukima's Dance (extremely dangerous; 8% risk of failure)
Confirm with . or Enter, or press ? or * to list all spells.
Aiming: Tukima's Dance (extremely dangerous; 8% risk of failure)
Press: ? - help, Shift-Dir - straight line, f/p - gnoll
Aim: a gnoll, wielding a +0 halberd (chance to affect: 61%)
The +0 halberd dances into the air!
Attack: -) Teeth and claws
Press: ? - help, Dir - move target, f/p - gnoll
Aim: a gnoll (ally target, about 32% to evade your paws)
You scratch the gnoll.
The gnoll is moderately wounded.
The gnoll misses you.
Attack: -) Teeth and claws
Press: ? - help, Dir - move target, f/p - gnoll
Aim: a gnoll (moderately wounded, ally target, about 32% to evade your paws)
You closely miss the gnoll.
The gnoll is moderately wounded.
The gnoll hits you.
* * * LOW HITPOINT WARNING * * *
The gnoll misses you.
Your +0 halberd hits the gnoll from afar.
Your magical contamination has completely faded away.
Attack: -) Teeth and claws
Press: ? - help, Dir - move target, f/p - gnoll
Aim: a gnoll (moderately wounded, ally target, about 32% to evade your paws)
You barely miss the gnoll. Your bite misses the gnoll.
The gnoll is moderately wounded.
The gnoll closely misses you. The gnoll hits you with a +0 club.
You die...

##### ##..@##
##(.gg.## #.(.....#
#.......# #.......#
############)....##
##.....#...........#
#..................#
...................#


You could see 2 gnolls and a friendly +0 halberd.

Vanquished Creatures
  A gnoll (D:2)
  2 adders (D:2)
  A dart slug (D:2)
  3 endoplasms
  3 giant cockroaches (D:1)
  2 goblins (D:1)
  3 hobgoblins (D:2)
  3 jackals (D:1)
  4 kobolds
  2 quokkas
  2 ball pythons (D:1)
  2 bats (D:1)
  3 frilled lizards
  4 rats (D:1)
35 creatures vanquished.

Notes
Turn   | Place    | Note
-------+----------+-------------------------------------------
     0 | D:1      | Danienth the Felid Enchanter began the quest for the Orb.
     0 | D:1      | Reached XP level 1. HP: 7/7 MP: 4/4
   205 | D:1      | Reached XP level 2. HP: 8/12 MP: 6/6
   889 | D:2      | Reached skill level 5 in Stealth
   968 | D:2      | Reached XP level 3. HP: 15/15 MP: 7/7
  1056 | D:2      | Succumbed to an adder's poison
  1119 | D:2      | Learned a level 3 spell: Confusing Touch
  1123 | D:2      | Learned a level 3 spell: Tukima's Dance
  1165 | D:2      | Reached skill level 1 in Fighting
  1408 | D:2      | Slain by a gnoll

Illustrated notes

Levels and vault maps discovered:
D:1:      ncdulo_smallfort, layout_basic, minmay_close_crescents
D:2:      layout_rooms, dreamdust_ecumenical_altar_statues

Skill      XL: |  1  2  3 |
---------------+----------+-----
Dodging        | 3 |  3.3
Stealth        | 5 |  5.3
Fighting       | 1 |  1.1
Unarmed Combat | 2 |  2.1
Spellcasting   | |  2.0
Hexes          | |  4.4

Action                     || total
---------------------------++-------
  Melee: Unarmed           ||   111
         Bite              ||    10
   Cast: Tukima's Dance    ||     1
         Confusing Touch   ||     1
    Use: Scroll            ||     5
         Potion            ||     5
   Stab: Sleeping          ||    11
 Armour: Skin              ||    28
  Dodge: Dodged            ||   102

Table legend: (Time is in decaauts)
 A = Elapsed time spent in this place.
 B = Non-inter-level travel time spent in this place.
 C = Inter-level travel time spent in this place.
 D = Time resting spent in this place.
 E = Time spent auto-exploring this place.
 F = Levels seen in this place.
 G = Mean time per level.
                   A        B        C        D        E       F      G
               +--------+--------+--------+--------+--------+-----+--------+
         Total |   1266 |   1248 |     18 |    507 |    424 |   2 |  633.0 |
       Dungeon |   1266 |   1248 |     18 |    507 |    424 |   2 |  633.0 |
               +--------+--------+--------+--------+--------+-----+--------+

Top non-repeatable levels by time:
     D:1: 773 daAuts
     D:2: 493 daAuts
